 Dungeon Crawl Stone Soup version 0.32-a0-699-g1ee5eff69a (webtiles) character file.

Game seed: 4409125007045995129

1555 BubbleThief the Covert (level 9, -3/51 HPs)
             Began as a Kobold Brigand on Mar 13, 2024.
             Was a Follower of Uskayaw.
             Killed by nerve-wracking pain
             ... invoked by a shadow imp
              (10 damage)
             ... on level 5 of the Dungeon.
             The game lasted 00:06:37 (5159 turns).

BubbleThief the Covert (Kobold Brigand)             Turns: 5159, Time: 00:06:38

Health: -3/51      AC:  3    Str:  8    XL:     9   Next: 12%
Magic:  9/9        EV: 20    Int: 12    God:    Uskayaw [*.....]
Gold:   461        SH:  0    Dex: 21    Spells: 8/8 levels left

rFire   + . .        a - +2 dagger
rCold   + . .        (no shield)
rNeg    . . .        b - +0 robe
rPois   +            (no helmet)
rElec   +            c - +0 cloak
rCorr   +            (no gloves)
SInv    .            (no boots)
Will    .....        (no amulet)
Stlth   ++++++       g - +5 ring of evasion
HPRegen 0.28/turn    h - ring of poison resistance
MPRegen 0.11/turn

%: no passive effects
@: resistant
A: small, no large weapons, nightstalker 3
a: Renounce Religion, Stomp


You were on level 5 of the Dungeon.
You worshipped Uskayaw.
Uskayaw was noncommittal.
You visited 1 branch of the dungeon, and saw 6 of its levels.

You collected 461 gold pieces.

Inventory:

Hand Weapons
 a - a +2 dagger (weapon)
Missiles
 d - 11 poisoned darts (quivered)
 e - a curare-tipped dart
Armour
 b - a +0 robe (worn)
 c - a +0 cloak (worn)
Jewellery
 g - a +5 ring of evasion (left hand)
 h - a ring of poison resistance (right hand)
 s - an amulet of reflection
Wands
 A - a wand of polymorph (8)
Scrolls
 i - 4 scrolls of immolation {unknown}
 l - 2 scrolls of vulnerability {unknown}
 m - 2 scrolls of noise {unknown}
 p - a scroll of enchant armour {unknown}
 q - 2 scrolls of revelation {unknown}
 r - 2 scrolls of identify {unknown}
 t - 2 scrolls of enchant weapon {unknown}
 u - a scroll of teleportation {unknown}
 v - 2 scrolls of fear {unknown}
 y - a scroll of fog {unknown}
 C - a scroll of acquirement {unknown}
 D - a scroll of amnesia {unknown}
Potions
 f - a potion of brilliance {unknown}
 j - a potion of resistance
 k - a potion of berserk rage {unknown}
 n - 2 potions of curing {unknown}
 o - a potion of attraction {unknown}
 w - 2 potions of heal wounds {unknown}
 x - a potion of lignification {unknown}
 z - a potion of degeneration {unknown}
 B - a potion of mutation {unknown}
 E - a potion of cancellation {unknown}


   Skills:
 + Level 3.2 Fighting
 + Level 9.9 Short Blades
 - Level 2.1 Throwing
 + Level 2.9 Dodging
 + Level 11.6 Stealth


You had 8 spell levels left.
You didn't know any spells.
Your spell library contained the following spells:

 Spells                   Type           Power      Damage    Failure   Level
 Magic Dart               Conj           0%         1d3       32%         1
 Mercury Vapours          Alch/Air       0%         N/A       45%         2
 Searing Ray              Conj           0%         2d4       45%         2
 Static Discharge         Conj/Air       0%         3-3/arc   45%         2
 Mephitic Cloud           Conj/Alch/Air  0%         N/A       69%         3
 Sigil of Binding         Hex            0%         N/A       69%         3
 Airstrike                Air            0%         2d(0-16)  97%         4
 Fulminant Prism          Conj/Alch      0%         3d5       97%         4
 Summon Lightning Spire   Summ/Air       0%         N/A       97%         4
 Freezing Cloud           Conj/Ice/Air   0%         6-21      100%        5
 Death Channel            Necr           0%         N/A       100%        6
 Sculpt Simulacrum        Ice/Alch       0%         N/A       100%        6


Dungeon Overview and Level Annotations

Branches:
Dungeon (6/15)
 Temple: D:4-7

Altars:
Hepliaklqana
Kikubaaqudgha
Nemelex Xobeh
Uskayaw
Vehumet
Zin
The Shining One

Annotations:
D:6 2 transporters


Innate Abilities, Weirdness & Mutations

You are small and have problems with some larger weapons.
You are completely attuned to the shadows.


Message History

The shadow imp gestures at you. Pain shoots through your body!
* * * LOW HITPOINT WARNING * * *
The white imp gestures at you. The puff of frost hits you!
* * * LOW HITPOINT WARNING * * *
Okay, then.
The shadow imp attacks as it pursues you!
The shadow imp completely misses you.
The shadow imp attacks as it pursues you!
The shadow imp hits you.
* * * LOW HITPOINT WARNING * * *
There is a stone staircase leading up here.
Unknown command.
Unknown command.
The shadow imp barely misses you.
You climb upwards.
There is a stone staircase leading down here.
Unknown command.
You hit the shadow imp.
The shadow imp is lightly wounded.
The shadow imp misses you.
You barely miss the shadow imp.
The shadow imp is lightly wounded.
You closely miss the shadow imp.
The shadow imp is lightly wounded.
The shadow imp barely misses you.
You hit the shadow imp but do no damage.
The shadow imp is lightly wounded.
You hit the shadow imp but do no damage.
The shadow imp is lightly wounded.
The shadow imp completely misses you.
You barely miss the shadow imp.
The shadow imp is lightly wounded.
It was a potion of resistance.
You feel protected. The shadow imp gestures at you.
Pain shoots through your body!
You die...
Your body falls in perfect tune with the rhythm.

##############
#............#
#.##########.# #.# #.#
###.### #.# #..@5.####
#.#####
###......#####......
#..[.#......#####.
########..[.######.### #.
#..........## #...###.
#..........# ###.....
#..........#############.
#....................# #.
#......รท.............#
#.


You could see a shadow imp.

Vanquished Creatures
  Edmund (D:6)
  A water moccasin (D:6)
  Duvessa (D:5)
  2 sky beasts
  An orc warrior (D:6)
  A black bear (D:5)
  An ogre (D:4)
  A centaur (D:5)
  A phantom (D:5)
  A bullfrog (D:6)
  2 scorpions (D:5)
  Dowan (D:5)
  A quasit (D:6)
  2 hounds (D:5)
  2 orc priests
  2 iguanas (D:6)
  3 orc wizards
  4 adders
  A shadow imp (D:6)
  2 dart slugs
  28 orcs
  3 endoplasms
  7 goblins
  9 hobgoblins
  4 quokkas
  4 ball pythons
  4 bats
  2 frilled lizards (D:1)
  9 kobolds
  3 rats
104 creatures vanquished.

Notes
Turn   | Place    | Note
-------+----------+-------------------------------------------
     0 | D:1      | BubbleThief the Kobold Brigand began the quest for the Orb.
     0 | D:1      | Reached XP level 1. HP: 12/12 MP: 1/1
   191 | D:1      | Reached XP level 2. HP: 17/17 MP: 2/2
   540 | D:1      | Reached XP level 3. HP: 21/21 MP: 3/3
   543 | D:1      | Reached skill level 6 in Stealth
  1170 | D:2      | Reached XP level 4. HP: 26/26 MP: 4/4
  2045 | D:3      | Found a hazy altar of Hepliaklqana.
  2129 | D:3      | Found a radiant altar of Vehumet.
  2227 | D:4      | Found a glowing silver altar of Zin.
  2314 | D:4      | Found a hide-covered altar of Uskayaw.
  2409 | D:4      | Became a worshipper of Uskayaw the Reveller
  2521 | D:4      | Reached * piety under Uskayaw
  2526 | D:4      | Reached ** piety under Uskayaw
  2532 | D:4      | Reached *** piety under Uskayaw
  2568 | D:4      | Noticed an ogre
  2580 | D:4      | Killed an ogre
  2581 | D:4      | Reached skill level 5 in Short Blades
  2581 | D:4      | Reached skill level 7 in Stealth
  2581 | D:4      | Reached XP level 5. HP: 30/30 MP: 5/5
  2594 | D:4      | Found an ancient bone altar of Kikubaaqudgha.
  2849 | D:4      | Found a sparkling altar of Nemelex Xobeh.
  2973 | D:5      | Entered Level 5 of the Dungeon
  2975 | D:5      | Reached XP level 6. HP: 35/35 MP: 6/6
  2977 | D:5      | Noticed a sky beast
  3012 | D:5      | Reached skill level 8 in Stealth
  3080 | D:5      | Noticed a black bear
  3083 | D:5      | Killed a black bear
  3092 | D:5      | Reached XP level 7. HP: 40/40 MP: 7/7
  3095 | D:5      | Noticed Duvessa
  3096 | D:5      | Noticed Dowan
  3103 | D:5      | Killed Duvessa
  3104 | D:5      | Reached skill level 9 in Stealth
  3104 | D:5      | Killed Dowan
  3104 | D:5      | Reached **** piety under Uskayaw
  3262 | D:5      | HP: 2/40 [poisoned by a scorpion]
  3489 | D:5      | Reached XP level 8. HP: 44/44 MP: 8/8
  3516 | D:5      | Reached skill level 10 in Stealth
  4198 | D:6      | Noticed Edmund
  4452 | D:6      | Reached skill level 11 in Stealth
  4637 | D:6      | HP: 1/45 [Edmund/+2 flail of protection (5)]
  4638 | D:6      | Killed Edmund
  4910 | D:6      | Reached XP level 9. HP: 37/49 MP: 9/9
  5085 | D:6      | Found a transporter.
  5085 | D:6      | Noticed a manticore
  5099 | D:6      | Found a glowing golden altar of the Shining One.
  5106 | D:6      | Noticed a boulder beetle
  5121 | D:6      | Found a transporter.
  5159 | D:5      | Killed from afar by a shadow imp

Illustrated notes

Levels and vault maps discovered:
D:1:      nzn_arrival_water_spiral, layout_basic
D:2:      layout_loops_ring, dreamdust_mushroom_princess, hex_tiny,
          minmay_goblin_outpost
D:3:      layout_basic, mainiacjoe_overflow_six_doors_small,
          mainiacjoe_overflow_alcove_4, nicolae_titane
D:4:      layout_basic, mainiacjoe_overflow_small_starburst,
          mainiacjoe_overflow_cross_hatched, nicolae_uskayaw_dance_hall,
          amcnicky_altar_gilded
D:5:      layout_basic, uniq_duvessa
D:6:      layout_loops_ring, gammafunk_temple_overflow_arena, serial_demonic,
          serial_demonic_a, serial_demonic_c, serial_demonic_g,
          serial_demonic_c, serial_demonic_c, serial_demonic_a, serial_shops,
          shop, uniq_edmund

Skill      XL: |  1  2  3  4  5  6  7  8  9 |
---------------+----------------------------+-----
Short Blades   | 3 4 5 6 8 9 |  9.9
Stealth        | 6 7 8 9 11 | 11.6
Dodging        | 2 |  2.9
Fighting       | 3 |  3.2
Throwing       | |  2.1

Action                     |  1- 3 |  4- 6 |  7- 9 || total
---------------------------+-------+-------+-------++-------
  Melee: Dagger            |    69 |    99 |   238 ||   406
  Throw: Dart              |     1 |     1 |    10 ||    12
 Invoke: Line Pass         |       |       |     4 ||     4
         Stomp             |       |       |     2 ||     2
  Evoke: Wand              |       |       |     1 ||     1
    Use: Potion            |       |       |     1 ||     1
   Stab: Sleeping          |    22 |    10 |    15 ||    47
         Paralysed         |       |     1 |     2 ||     3
         Confused          |       |       |     3 ||     3
         Distracted        |       |       |     1 ||     1
 Armour: Robe              |    17 |    18 |    58 ||    93
         Skin              |       |       |     1 ||     1
  Dodge: Dodged            |    39 |    54 |   168 ||   261

Table legend: (Time is in decaauts)
 A = Elapsed time spent in this place.
 B = Non-inter-level travel time spent in this place.
 C = Inter-level travel time spent in this place.
 D = Time resting spent in this place.
 E = Time spent auto-exploring this place.
 F = Levels seen in this place.
 G = Mean time per level.
                   A        B        C        D        E       F      G
               +--------+--------+--------+--------+--------+-----+--------+
         Total |   5024 |   4801 |    223 |    217 |   3784 |   6 |  837.3 |
       Dungeon |   5024 |   4801 |    223 |    217 |   3784 |   6 |  837.3 |
               +--------+--------+--------+--------+--------+-----+--------+

Top non-repeatable levels by time:
     D:6: 1062 daAuts
     D:5: 984 daAuts
     D:2: 838 daAuts
     D:4: 793 daAuts
     D:1: 719 daAuts
     D:3: 625 daAuts
